 Dungeon Crawl Stone Soup version 0.19.5 (webtiles) character file.

47 miragecloak the Changer (level 3, 0/23 HPs)
             Began as an Octopode Transmuter on May 10, 2017.
             Slain by a worm (8 damage)
             ... on level 2 of the Dungeon.
             The game lasted 00:01:11 (1594 turns).

miragecloak the Changer (Octopode Transmuter)       Turns: 1594, Time: 00:01:11

Health: 0/23       AC:  1    Str:  9    XL:     3   Next: 70%
Magic:  3/6        EV: 13    Int: 15    God:
Gold:   77         SH:  0    Dex: 13    Spells: 2 memorised, 2 levels left

rFire  . . .     SeeInvis .       - Unarmed
rCold  . . .     Gourm    .     (no shield)
rNeg   . . .     Faith    .     (helmet restricted)
rPois  .         Spirit   .     (no amulet)
rElec  .         Reflect  .     (no ring)
rCorr  .         Harm     .     (no ring)
MR     .....                    (no ring)
Stlth  ++........               (no ring)
                                (no ring)
                                (no ring)
                                (no ring)
                                (no ring)

@: very slightly contaminated
A: almost no armour, stealthy swim, amphibious, 8 rings, constrict 8, camouflage
1, gelatinous body 1
a: no special abilities


You were on level 2 of the Dungeon.
You were not hungry.

You visited 1 branch of the dungeon, and saw 2 of its levels.

You collected 77 gold pieces.

Inventory:

Missiles
 a - 52 arrows
Jewellery
 e - an uncursed ring of fire {unknown}
 m - an uncursed ring of ice {unknown}
Scrolls
 d - a scroll of teleportation {unknown}
 j - a scroll of identify {unknown}
 k - a scroll of enchant armour {unknown}
Potions
 f - a potion of cure mutation {unknown}
 h - a potion of curing {unknown}
 l - a potion of berserk rage {unknown}
 n - a potion of lignification {unknown}
Books
 b - a book of Changes

   Spells                             Type                      Level
   a - Beastly Appendage              Transmutation                1
   b - Sticks to Snakes               Transmutation                2
   c - Spider Form                    Transmutation/Poison         3
   d - Ice Form                       Ice/Transmutation            4
   e - Blade Hands                    Transmutation                5
Comestibles
 c - 5 bread rations
 g - 2 beef jerkies
 i - a meat ration


   Skills:
 - Level 1.0 Fighting
 - Level 2.0 Dodging
 - Level 3.0 Unarmed Combat
 - Level 2.0 Spellcasting
 + Level 3.6 Transmutations
 + Level 1.3 Poison Magic


You had 2 spell levels left.
You knew the following spells:

 Your Spells              Type           Power        Failure   Level  Hunger
a - Beastly Appendage     Tmut           ##....       6%          1    #......
b - Spider Form           Tmut/Pois      #.........   24%         3    ###....


Dungeon Overview and Level Annotations

Branches:
Dungeon (2/15)

Altars:
Sif Muna


Innate Abilities, Weirdness & Mutations

You cannot wear most types of armour.
You are very stealthy in the water. (Stealth+)
You are amphibious.
You can wear up to eight rings at the same time.
You can use your tentacles to constrict eight enemies at once.
Your skin changes colour to match your surroundings (Stealth+).
Your rubbery body absorbs attacks. (AC +1, EV +1)


Message History

You miscast Spider Form.
You are very lightly contaminated with residual magic.
Waves of light ripple over your body. The worm bites you!
You tentacle-slap the worm. You grab the worm.
The worm is lightly wounded.
You constrict the worm. The worm closely misses you.
You tentacle-slap the worm.
The worm is lightly wounded.
You constrict the worm. You completely miss the worm.
The worm is moderately wounded.
You constrict the worm. The worm bites you!
You tentacle-slap the worm.
The worm is moderately wounded.
You constrict the worm.
You tentacle-slap the worm but do no damage.
The worm is heavily wounded.
You constrict the worm. The worm bites you!
You die...

### #........ #..#.#
#...####. #..#.#
#.....##. #..#.#
#...#.##. #..#.#
#...#.##. #..#.#
#........
#..#.######..#.##.
#.w#.##...........
#@.#.##.##..#..##.
#.##.##.##..#..##.
####.##.##.##..#..##.
#....................
###..#####...........
#..# #..#..#.###>
#..# #...........
###..#####.##.##..##.
#.................##.


You could see a worm.

Vanquished Creatures
  An adder (D:2)
  A dart slug (D:2)
  A leopard gecko (D:2)
  3 goblins
  7 hobgoblins
  4 jackals (D:1)
  3 kobolds (D:1)
  7 bats
  2 frilled lizards
  3 rats
32 creatures vanquished.

Notes
Turn   | Place    | Note
-------+----------+-------------------------------------------
     0 | D:1      | miragecloak the Octopode Transmuter began the quest for the Orb.
     0 | D:1      | Reached XP level 1. HP: 13/13 MP: 3/3
   247 | D:1      | Reached XP level 2. HP: 15/18 MP: 3/5
   732 | D:1      | Reached XP level 3. HP: 10/23 MP: 4/6
   843 | D:1      | Learned a level 3 spell: Spider Form
  1369 | D:2      | Reached skill level 1 in Poison Magic
  1439 | D:2      | Found a deep blue altar of Sif Muna.
  1594 | D:2      | Slain by a worm

Skill      XL: |  1  2  3 |
---------------+----------+-----
Transmutations | 3 |  3.6
Poison Magic   | 1 |  1.3
Fighting       | |  1.0
Dodging        | |  2.0
Unarmed Combat | |  3.0
Spellcasting   | |  2.0

Action                   || total
-------------------------++-------
Melee: Unarmed           ||    85
       Constrict         ||    18
       Kick              ||    10
       Tentacles         ||     9
 Cast: Beastly Appendage ||    13
       Spider Form       ||     6
  Eat: Chunk             ||     3
Armor: Skin              ||     6
Dodge: Dodged            ||    67
